 Dungeon Crawl Stone Soup version 0.28.0-53-g5a82cb258f (webtiles) character file.

Game seed: 1892247291239451417

231 issech the Chopper (level 5, 0/48 HPs)
             Began as a Minotaur Monk on June 19, 2022.
             Killed by divine providence
             ... invoked by an orc priest
              (12 damage)
             ... on level 3 of the Dungeon.
             The game lasted 00:06:40 (2750 turns).

issech the Chopper (Minotaur Monk)                  Turns: 2750, Time: 00:06:41

Health: 0/48       AC: 11    Str: 15    XL:     5   Next: 73%
Magic:  4/4        EV:  8    Int:  7    God:
Gold:   153        SH:  0    Dex: 15    Spells: 4/4 levels left

rFire   . . .      SeeInvis .   a - +0 hand axe
rCold   . . .      Faith    .   (no shield)
rNeg    . . .      Spirit   .   h - +0 chain mail
rPois   .          Reflect  .   (helmet restricted)
rElec   .          Harm     .   (no cloak)
rCorr   .          Rampage  .   j - +0 pair of gloves
Will    +....                   q - +0 pair of boots
Stlth   ..........              (no amulet)
HPRegen 0.16/turn               b - ring of willpower
MPRegen 0.09/turn               (no ring)

@: no status effects
A: horns 2, retaliatory headbutt
a: no special abilities


You were on level 3 of the Dungeon.
You visited 1 branch of the dungeon, and saw 3 of its levels.

You collected 153 gold pieces.

Inventory:

Hand Weapons
 a - a +0 hand axe (weapon)
 g - a +0 short sword
 i - a +0 hunting sling
Missiles
 e - 44 arrows
 f - 49 stones (quivered)
 o - 41 bolts
Armour
 h - a +0 chain mail (worn)
 j - a +0 pair of gloves (worn)
 q - a +0 pair of boots (worn)
Jewellery
 b - a ring of willpower (left hand)
 l - a ring of ice
Wands
 n - a wand of iceblast (14)
Scrolls
 d - a scroll of noise {unknown}
 k - 2 scrolls of identify {unknown}
 r - 2 scrolls of fog {unknown}
 u - a scroll of teleportation {unknown}
Potions
 c - a potion of heal wounds {unknown}
 m - a potion of lignification {unknown}
 p - a potion of brilliance {unknown}
 s - a potion of flight {unknown}
 t - a potion of resistance {unknown}


   Skills:
 + Level 5.0 Fighting
 + Level 5.6 Axes
 + Level 2.6 Armour
 + Level 4.1 Dodging
 + Level 1.7 Stealth


You had 4 spell levels left.
You didn't know any spells.
Your spell library contained the following spells:

 Spells                   Type           Power      Damage    Failure   Level
 Corpse Rot               Necr/Air       0%         N/A       100%        2
 Poisonous Vapours        Pois/Air       0%         N/A       100%        2
 Scorch                   Fire           0%         2d5       100%        2
 Static Discharge         Conj/Air       0%         N/A       100%        2
 Gell's Gravitas          Tloc           0%         N/A       100%        3
 Lesser Beckoning         Tloc           0%         N/A       100%        3
 Teleport Other           Tloc           0%         N/A       100%        3
 Dispel Undead            Necr           0%         3d6       100%        4
 Flame Wave               Conj/Fire      0%         2d4       100%        4
 Sticky Flame             Conj/Fire      0%         2d3       100%        4
 Summon Cactus Giant      Summ           0%         N/A       100%        6


Dungeon Overview and Level Annotations

Branches:
Dungeon (3/15)

Altars:

Shops:
D:2 (

Annotations:
D:3 Terence


Innate Abilities, Weirdness & Mutations

You have a pair of horns on your head.
You reflexively headbutt those who attack you in melee.


Message History

There is an escape hatch in the floor here.
You slide downwards.
The hatch slams shut behind you.
Level annotation: Terence
t - a lumpy coppery potion A rat comes into view.
The rat moves out of view.
The rat twitches its whiskers.
Found a stone staircase leading up.
Found 14 gold pieces.
The rat bites you.
You barely miss the rat. The rat barely misses you. You furiously retaliate!
You headbutt the rat.
You kill the rat!
You see here a rat corpse.
Found a scroll labelled XOKHYH JOPSI.
A rat comes into view.
The rat bites you but does no damage.
You see here 14 gold pieces.
You barely miss the rat. Your headbutt misses the rat.
The rat barely misses you. You furiously retaliate!
You headbutt the rat.
You kill the rat!
u - a scroll labelled XOKHYH JOPSI You now have 153 gold pieces (gained 14).
You open the door.
There is an open door here.
Found a stone staircase leading down.
There is a stone staircase leading down here.
o - 41 bolts (gained 18)
The orc priest shouts!
Found a robe.
Found a stone staircase leading down.
The orc priest shouts!
The orc priest mumbles some strange prayers to Beogh against you.
Beogh smites you!
The orc priest calls down the wrath of Beogh upon you.
Beogh smites you!
The orc priest invokes the aid of Beogh against you.
Beogh smites you!
* * * LOW HITPOINT WARNING * * *
The orc priest invokes the aid of Beogh against you.
Beogh smites you!
You die...

##### #...##### #...#...#
#####################...#.#.##...
.........o..o...@........>#.#....
....###############.#.......#.#.#
....# #######.......#####.###....
....# #.....#.......## #...#....
..### #.....#........# ####'#....
..#####.....##.......# #.........
............######...# #.........
..#...#@........###.## #......#<.
..#...#.........# #.# #.........


You could see 2 orc priests.

Vanquished Creatures
  An ogre (D:3)
  Ijyb (D:3)
  5 adders
  2 worms
  2 dart slugs
  2 orcs (D:3)
  7 endoplasms
  2 giant cockroaches (D:3)
  6 goblins
  3 hobgoblins
  4 jackals
  A quokka (D:2)
  7 ball pythons
  8 bats
  2 frilled lizards (D:1)
  8 kobolds
  6 rats
67 creatures vanquished.

Notes
Turn   | Place    | Note
-------+----------+-------------------------------------------
     0 | D:1      | issech the Minotaur Monk began the quest for the Orb.
     0 | D:1      | Reached XP level 1. HP: 19/19 MP: 0/0
    50 | D:1      | Found a faded altar of an unknown god.
   348 | D:1      | Reached XP level 2. HP: 17/27 MP: 1/1
  1029 | D:2      | Reached XP level 3. HP: 23/33 MP: 2/2
  1292 | D:2      | Reached skill level 1 in Armour
  1470 | D:2      | Found Vissobann's Weapon Shoppe.
  1635 | D:2      | Reached XP level 4. HP: 40/40 MP: 3/3
  1983 | D:3      | Noticed Ijyb
  1999 | D:3      | Killed Ijyb
  2305 | D:3      | Noticed an ogre
  2308 | D:3      | Reached skill level 5 in Axes
  2315 | D:3      | Killed an ogre
  2316 | D:3      | Reached XP level 5. HP: 27/47 MP: 4/4
  2456 | D:3      | Reached skill level 5 in Fighting
  2580 | D:3      | Noticed Terence
  2580 | D:3      | Identified the +11 rapier of the Lusting Boar {flame,
                  | Dex+7}
  2750 | D:3      | Killed from afar by an orc priest

Illustrated notes

Levels and vault maps discovered:
D:1:      noname_arrival_rooms_in_the_neighbourhood, layout_rooms,
          chequers_ecumenical_altar_twisty, hex_intersection
D:2:      layout_basic, serial_shops, nicolae_shop_bloodbath_and_beyond
D:3:      minmay_recursive_quarters, layout_basic, minmay_pentangle, uniq_ijyb,
          uniq_terence

Skill      XL: |  1  2  3  4  5 |
---------------+----------------+-----
Axes           | 4 5 |  5.6
Fighting       | 4 5 |  5.0
Armour         | 1 2 |  2.6
Dodging        | 4 |  4.1
Stealth        | |  1.7

Action                   |  1- 3 |  4- 6 || total
-------------------------+-------+-------++-------
Melee: Hand axe          |    97 |    81 ||   178
       Headbutt          |    11 |    17 ||    28
Armor: Robe              |     3 |       ||     3
       Leather armour    |     5 |       ||     5
       Chain mail        |    52 |    48 ||   100
Dodge: Dodged            |    53 |    25 ||    78
